 Dungeon Crawl Stone Soup version 0.29.1-2-gbd0b4ee654 (webtiles) character file.

Game seed: 14446518967338467328

177 sanboga the Trooper (level 5, -14/85 HPs)
             Began as an Ogre Berserker on Nov 22, 2022.
             Was a Believer of Trog.
             Demolished by an ogre
             ... wielding a +0 giant club
              (23 damage)
             ... on level 3 of the Dungeon.
             The game lasted 00:02:25 (2195 turns).

sanboga the Trooper (Ogre Berserker)                Turns: 2195, Time: 00:02:26

Health: -14/85     AC:  3    Str: 23    XL:     5   Next: 57%
Magic:  5/5        EV: 10    Int:  8    God:    Trog [**....]
Gold:   114        SH:  0    Dex:  8    Spells: 4/4 levels left

rFire   . . .      SeeInvis .   k - +1 mace of Ashenzari, Smoking {vorpal, Fly}
rCold   . . .      Faith    .   (no shield)
rNeg    . . .      Spirit   .   b - +0 animal skin
rPois   .          Reflect  .   (helmet restricted)
rElec   .          Harm     .   (no cloak)
rCorr   .          Rampage  .   (gloves unavailable)
Will    .....                   (boots unavailable)
Stlth   ..........              (no amulet)
HPRegen 0.24/turn               (no ring)
MPRegen 0.09/turn               (no ring)

@: berserking, flying, very quick
A: large, unfitting armour, tough skin 1
a: Renounce Religion, Berserk, Trog's Hand


You were on level 3 of the Dungeon.
You worshipped Trog.
Trog was pleased with you.
You visited 1 branch of the dungeon, and saw 3 of its levels.

You collected 114 gold pieces.

Inventory:

Hand Weapons
 k - the +1 mace of Ashenzari, Smoking (weapon) {vorpal, Fly}
   (You found it on level 3 of the Dungeon)

   It inflicts extra damage upon your enemies.
   Fly:       It grants you flight.
Missiles
 a - a throwing net (quivered)
Armour
 b - a +0 animal skin (worn)
Scrolls
 d - 2 scrolls of blinking {unknown}
 e - a scroll of amnesia {unknown}
 f - a scroll of identify {unknown}
 g - a scroll of poison {unknown}
Potions
 c - 2 potions of heal wounds {unknown}
 h - a potion of cancellation {unknown}
 i - a potion of curing {unknown}
 j - a potion of mutation {unknown}
 l - a potion of berserk rage {unknown}
 m - a potion of lignification {unknown}


   Skills:
 + Level 5.2 Fighting
 * Level 4.3 Maces & Flails
 + Level 3.6 Dodging


You had 4 spell levels left.
You didn't know any spells.
Your spell library was empty.

Dungeon Overview and Level Annotations

Branches:
Dungeon (3/15)

Altars:
Sif Muna

Shops:
D:3 :


Innate Abilities, Weirdness & Mutations

You are too large for most types of armour.
You have tough skin. (AC +1)


Message History

Found a sling.
A goblin comes into view. It is wielding a +0 club.
Found a stone staircase leading down.
The goblin shouts!
The goblin hits you with a +0 club.
You barely miss the goblin. The goblin closely misses you.
You sock the goblin!
You kill the goblin!
Trog accepts your kill.
No target in view!
m - a dark potion
Things that are here:
a +0 club; a goblin corpse You see here a +0 sling.
There is a stone staircase leading down here.
An ogre comes into view. It is wielding a +0 giant club.
The ogre shouts!
A ball python comes into view.
There are monsters nearby!
There are monsters nearby!
You hit the ogre but do no damage. The ogre barely misses you.
The ball python closely misses you.
You hit the ogre.
The ogre is moderately wounded.
The ogre hits you with a +0 giant club! The ball python barely misses you.
You barely miss the ogre.
The ogre is moderately wounded.
The ball python barely misses you.
The ogre hits you with a +0 giant club!!
Ouch! That really hurt!
* * * LOW HITPOINT WARNING * * *
A red film seems to cover your vision as you go berserk!
You feel yourself moving faster!
You feel mighty! The ball python bites you.
* * * LOW HITPOINT WARNING * * *
You sock the ogre!
The ogre is severely wounded.
The ball python bites you.
* * * LOW HITPOINT WARNING * * *
The ogre hits you with a +0 giant club!!
You die...

###########
..........#
.....$....#
......O@..######
......S.......>#
...........###)#
########...# #.#
#...# #)# #...#
#.# #...# #.#
#...# #.# .
....# #.#


You could see an ogre and a ball python.

Vanquished Creatures
  A kobold brigand (D:3)
  A howler monkey (D:2)
  Robin (D:3)
  An adder (D:2)
  An orc (D:3)
  5 bats
  6 endoplasms
  A giant cockroach (D:2)
  11 goblins
  8 hobgoblins
  8 kobolds
  A quokka (D:2)
  2 ball pythons
  3 rats
50 creatures vanquished.

Notes
Turn   | Place    | Note
-------+----------+-------------------------------------------
     0 | D:1      | sanboga the Ogre Berserker began the quest for the Orb.
     0 | D:1      | Reached XP level 1. HP: 24/24 MP: 1/1
   174 | D:1      | Reached XP level 2. HP: 32/32 MP: 2/2
   861 | D:2      | Reached XP level 3. HP: 36/40 MP: 3/3
   900 | D:2      | Found a faded altar of an unknown god.
   958 | D:2      | Reached XP level 4. HP: 26/49 MP: 4/4
  1454 | D:2      | Reached ** piety under Trog
  1752 | D:3      | Found Ubaom's Book Boutique.
  1802 | D:3      | Noticed a kobold brigand
  1814 | D:3      | Killed a kobold brigand
  1815 | D:3      | Reached skill level 5 in Fighting
  1815 | D:3      | Reached XP level 5. HP: 56/57 MP: 5/5
  1942 | D:3      | Identified the +1 mace of Ashenzari, Smoking {vorpal, Fly}
  2008 | D:3      | Found a shimmering blue altar of Sif Muna.
  2035 | D:3      | Noticed Robin
  2049 | D:3      | Killed Robin
  2187 | D:3      | Noticed an ogre
  2195 | D:3      | Demolished by an ogre

Illustrated notes

Levels and vault maps discovered:
D:1:      lemuel_arrival_hallway, layout_loops_ring, kennysheep_minor_cross
D:2:      layout_loops_corners, hellmonk_ecumenical_altar_blasted
D:3:      cheibrodos_thug_alley, layout_basic, mainiacjoe_overflow_paths,
          kiku_gazebo_pond_becter, serial_shops,
          nicolae_shop_competitors_out_of_business, uniq_robin

Skill      XL: |  1  2  3  4 |
---------------+-------------+-----
Maces & Flails | 3 4 |  4.3
Dodging        | 3 |  3.6
Fighting       | 5 |  5.2

Action                   |  1- 3 |  4- 6 || total
-------------------------+-------+-------++-------
Melee: Mace              |    62 |    57 ||   119
       Punch             |     1 |     1 ||     2
Invok: Berserk           |       |     2 ||     2
  Use: Scroll            |       |     1 ||     1
Armor: Animal skin       |    17 |    14 ||    31
Dodge: Dodged            |    38 |    41 ||    79
